 Dungeon Crawl Stone Soup version 0.31-a0-986-g5e6e4ef867 (webtiles) character file.

Game seed: 11181395184746443475

103 monsoonserge the Ruffian (level 4, -2/28 HPs)
             Began as an Octopode Shapeshifter on Nov 19, 2023.
             Slain by a sleepcap (21 damage)
             ... on level 4 of the Dungeon.
             The game lasted 00:05:10 (2518 turns).

monsoonserge the Ruffian (Octopode Shapeshifter)    Turns: 2518, Time: 00:05:11

Health: -2/28      AC:  1    Str: 15    XL:     4   Next: 79%
Magic:  4/4        EV:  2    Int: 18    God:
Gold:   20         SH:  0    Dex: 11    Spells: 3/3 levels left

rFire   . .          .
                       - Unarmed
rCold   . . .        (no shield)
rNeg    . . .        (helmet currently unavailable)
rPois   .            p - amulet of reflection
rElec   .            d - +6 ring of intelligence
rCorr   .            (no ring)
SInv    .            (no ring)
Will    .....        (no ring)
Stlth   ++           (no ring)
HPRegen 0.24/turn    (no ring)
MPRegen 0.09/turn    (no ring)
                     (no ring)

%: reflection
@: beast-form, sleeping
A: beast (slay +2), almost no armour, amphibious, 8 rings, camouflage 1,
gelatinous body 1, (nimble swimmer 1), tentacles
a: Begin Untransformation


You were on level 4 of the Dungeon.
You were a hulking beast.
You visited 1 branch of the dungeon, and saw 4 of its levels.

You collected 158 gold pieces.
You spent 138 gold pieces at shops.

Inventory:

Missiles
 i - 12 poisoned darts (quivered)
Magical Staves
 h - a staff of death
Jewellery
 d - a +6 ring of intelligence (left tentacle)
 g - an amulet of faith
 p - an amulet of reflection (around mantle)
Talismans
 b - a beast talisman
 c - a flux talisman
Scrolls
 e - a scroll of fear
 f - 2 scrolls of identify {unknown}
 k - a scroll of amnesia {unknown}
 l - a scroll of teleportation {unknown}
 m - 2 scrolls of brand weapon {unknown}
 n - a scroll of enchant armour {unknown}
 o - a scroll of noise {unknown}
 s - a scroll of blinking
Potions
 a - 2 potions of lignification
 j - a potion of degeneration {unknown}
 q - a potion of curing {unknown}
 r - a potion of heal wounds {unknown}


   Skills:
 + Level 1.1 Fighting
 + Level 2.2 Dodging
 - Level 1.0 Stealth
 * Level 4.2 Unarmed Combat
 + Level 3.9 Shapeshifting


You had 3 spell levels left.
You didn't know any spells.
Your spell library contained the following spells:

 Spells                   Type           Power      Damage    Failure   Level
 Sting                    Tmut/Pois      0%         1d3       22%         1
 Poisonous Vapours        Pois/Air       0%         N/A       32%         2
 Olgreb's Toxic Radiance  Pois           0%         N/A       91%         4


Dungeon Overview and Level Annotations

Branches:
Dungeon (4/15)
 Temple: D:4-7

Altars:

Shops:
D:1 ?

Annotations:
D:2 1 runed translucent door, Crazy Yiuf
D:4 Pikel


Innate Abilities, Weirdness & Mutations

You are a hulking beast.
Your limbs bulge with bestial killing power. (Slay +2)
You cannot wear most types of armour.
You are amphibious.
You can wear up to eight rings at the same time.
Your skin changes colour to match your surroundings (Stealth+).
Your rubbery body absorbs attacks. (AC +1, EV +1)
((You are camouflaged when in or above water. (Stealth+)))
You have tentacles for arms and can constrict up to eight enemies at once.


Message History

There is a stone staircase leading up here.
You see here a +0 helmet.
There is a stone staircase leading down here.
You climb downwards.
There is a stone staircase leading up here.
There is a stone staircase leading down here.
There is a stone staircase leading down here.
You climb downwards.
The lemure shouts!
Pikel shouts!
You hear a shout!
There is a stone staircase leading up here.
You climb upwards.
There is a stone staircase leading down here.
There is an escape hatch in the floor here.
There is a stone staircase leading down here.
You climb downwards.
Level annotation: Pikel
There is a stone staircase leading up here.
You climb upwards.
There is a stone staircase leading down here.
You see here a +0 dagger.
There is a stone staircase leading down here.
You climb downwards.
Level annotation: Pikel
Found 7 stones, 13 gold pieces and a leather armour.
Found a stone staircase leading down.
There is a stone staircase leading up here.
Okay, then.
Found a yellow potion.
The helpless sleepcap fails to defend itself.
You tentacle-slap the sleepcap but do no damage.
You grab the sleepcap. You tentacle-slap the sleepcap.
You squeeze the sleepcap!
The sleepcap is heavily damaged.
You constrict the sleepcap. The sleepcap releases spores at you!
You are engulfed in a cloud of soporific spores!
You fall asleep.
You lose your grip on the sleepcap.
The sleepcap releases spores at you!!
Ouch! That really hurt!
You die...

#.# #.. #.. #..
####.. ..... #
#####..#####.#
...(...h.....##.
!#....f.<.......
..>..........###
........####.#
#.#....$# #.#
........# #.#
#.#.....# #.# #
.S[...#.####.#.##
.#...#.#...<...#


You could see a sleepcap and an adder (asleep).

Vanquished Creatures
  Jessica (D:2)
  2 adders (D:3)
  A worm (D:2)
  3 dart slugs (D:2)
  2 orcs (D:3)
  2 endoplasms
  4 giant cockroaches
  5 goblins
  4 hobgoblins
  3 jackals (D:2)
  4 quokkas
  7 ball pythons
  3 bats
  A frilled lizard (D:1)
  A kobold (D:2)
  4 rats (D:1)
47 creatures vanquished.

Notes
Turn   | Place    | Note
-------+----------+-------------------------------------------
     0 | D:1      | monsoonserge the Octopode Shapeshifter began the quest for
                  | the Orb.
     0 | D:1      | Reached XP level 1. HP: 13/13 MP: 1/1
   228 | D:1      | Found The Oracle's Delphic Readings.
   236 | D:1      | Reached XP level 2. HP: 11/18 MP: 2/2
   305 | D:1      | Bought a scroll of fear for 48 gold pieces
   704 | D:1      | Found a faded altar of an unknown god.
  1018 | D:2      | Reached XP level 3. HP: 20/23 MP: 3/3
  1086 | D:2      | Found a runed translucent door.
  1087 | D:2      | Noticed Crazy Yiuf
  1160 | D:2      | Noticed Jessica
  1168 | D:2      | Killed Jessica
  1169 | D:2      | Reached XP level 4. HP: 21/28 MP: 4/4
  2046 | D:3      | Reached skill level 1 in Stealth
  2046 | D:3      | Reached skill level 4 in Unarmed Combat
  2368 | D:1      | Bought a scroll of blinking for 90 gold pieces
  2449 | D:4      | Noticed Pikel
  2449 | D:4      | Noticed a lemure
  2450 | D:4      | Noticed a lemure
  2518 | D:4      | Slain by a sleepcap

Illustrated notes

Levels and vault maps discovered:
D:1:      saegor_arrival_miasma, layout_loops_corners,
          dreamdust_ecumenical_altar_hidden_monk_grotto,
          nicolae_nh_oracle_at_delphi
D:2:      layout_loops_ring, uniq_crazy_yiuf_cottage, uniq_jessica
D:3:      layout_rooms
D:4:      layout_loops_ring, minmay_temple_entry_hall, serial_glass,
          glass_columns_a, glass_columns_a, glass_columns_a, glass_columns_a,
          glass_columns_a, glass_columns_a, glass_columns_a, glass_columns_b,
          uniq_blork_the_orc, uniq_grinder, uniq_pikel, uniq_natasha

Skill      XL: |  1  2  3  4 |
---------------+-------------+-----
Stealth        | 1 |  1.0
Unarmed Combat | 4 |  4.2
Fighting       | |  1.1
Dodging        | |  2.2
Shapeshifting  | |  3.9

Action                     |  1- 3 |  4- 6 || total
---------------------------+-------+-------++-------
  Melee: Unarmed           |    48 |    43 ||    91
         Constrict         |    17 |    13 ||    30
         Tentacles         |     8 |     9 ||    17
         Punch             |     2 |     1 ||     3
   Stab: Sleeping          |     2 |     6 ||     8
 Armour: Skin              |    16 |    18 ||    34
  Dodge: Dodged            |    18 |    25 ||    43
  Block: Other             |       |     1 ||     1

Table legend: (Time is in decaauts)
 A = Elapsed time spent in this place.
 B = Non-inter-level travel time spent in this place.
 C = Inter-level travel time spent in this place.
 D = Time resting spent in this place.
 E = Time spent auto-exploring this place.
 F = Levels seen in this place.
 G = Mean time per level.
                   A        B        C        D        E       F      G
               +--------+--------+--------+--------+--------+-----+--------+
         Total |   2514 |   2181 |    333 |      7 |   1540 |   4 |  628.5 |
       Dungeon |   2514 |   2181 |    333 |      7 |   1540 |   4 |  628.5 |
               +--------+--------+--------+--------+--------+-----+--------+

Top non-repeatable levels by time:
     D:1: 981 daAuts
     D:2: 980 daAuts
     D:3: 545 daAuts
     D:4: 6 daAuts
